Bruins vs Blackhawks

Created - 25 novembre 2020 at 16:53

Goals
1 2 3 T
Bruins 0 1 2 3
Blackhawks 1 0 0 1
Shots
1 2 3 T
Bruins 8 13 14 35
Blackhawks 12 11 14 37

1st period

1. Blackhawks , Mark Stone 4 (Zach Parise 2, Mikael Backlund 4) at 7:23

Penalties :
No Penalty

2nd period

2. Bruins , Sean Monahan 5 (Seth Jones 7, Anthony Mantha 6) at 17:25

Penalties :
Anthony Mantha (BOS) for Interference (Minor) at 2:05, Matt Benning (CHI) for Slashing (Minor) at 9:17

3rd period

3. Bruins , Ilya Mikheyev 2 (Seth Jones 8, Ryan Johansen 2) at 14:41
4. Bruins , Cam Fowler 2 (Paul Stastny 4, Brady Tkachuk 4) at 17:07 (PP)

Penalties :
Carl Hagelin (CHI) for Interference (Minor) at 6:15, Yanni Gourde (CHI) for Hooking (Minor) at 15:23

Goalie Stats

Juuse Saros (BOS), 36 saves from 37 shots - (0,973), W, 2-0-0, 60:00 minutes
Frederik Andersen (CHI), 32 saves from 35 shots - (0,914), L, 3-2-0, 60:00 minutes

Players Stats for Bruins

Player Name              G  A  P  +/- PIM S  H  SB GA TA FO     MP     PP MP  PK MP  
------------------------------------------------------------------------------------
Anthony Beauvillier      0  0  0   0  0   0  1  0  3  0  2/2    19:29   3:06   0:00 
Anthony Mantha           0  1  1   0  2   8  4  0  0  0  0/1    18:54   2:22   0:00 
Brady Tkachuk            0  1  1   0  0   3  3  0  1  0  0/0    17:28   3:06   0:00 
Cam Fowler               1  0  1   0  0   1  2  0  2  0  0/0    18:53   2:47   0:00 
Casey Cizikas            0  0  0   1  0   1  1  0  0  0  5/8    12:18   0:00   0:27 
Connor Murphy            0  0  0   1  0   0  0  0  0  1  0/0    21:43   0:00   1:32 
Ethan Bear               0  0  0   0  0   2  1  1  0  0  0/0    19:24   2:55   0:27 
Ilya Mikheyev            1  0  1   1  0   3  0  0  0  0  0/0    14:09   0:14   1:32 
Jakob Chychrun           0  0  0   0  0   0  2  2  1  3  0/0    18:53   2:47   0:00 
Joel Edmundson           0  0  0   0  0   1  0  0  0  1  0/0    16:53   0:00   0:27 
Lawson Crouse            0  0  0   1  0   2  1  0  1  0  0/0    12:18   0:00   0:27 
Luke Glendening          0  0  0   0  0   0  3  0  0  0  11/12  10:53   0:00   1:32 
Nolan Patrick            0  0  0   0  0   1  1  0  0  0  0/0     9:47   0:14   0:00 
Pat Maroon               0  0  0   0  0   0  1  0  0  0  0/0     9:47   0:14   0:00 
Paul Stastny             0  1  1   0  0   3  1  0  0  0  8/13   17:28   3:06   0:00 
Ryan Johansen            0  1  1   0  0   3  0  0  0  0  0/0    16:44   2:22   0:00 
Sean Monahan             1  0  1   0  0   3  2  1  0  0  13/27  18:45   2:22   0:00 
Seth Jones               0  2  2   1  0   4  0  1  0  0  0/0    24:14   2:55   1:32 

Players Stats for Blackhawks

Player Name              G  A  P  +/- PIM S  H  SB GA TA FO     MP     PP MP  PK MP  
------------------------------------------------------------------------------------
Alex Steen               0  0  0   0  0   1  0  0  0  0  0/1    11:36   0:00   2:10 
Andrew Shaw              0  0  0   0  0   1  1  0  0  0  2/3     9:47   0:00   0:00 
Braydon Coburn           0  0  0   0  0   2  0  1  0  0  0/0    18:24   0:00   3:01 
Brett Connolly           0  0  0  -1  0   3  0  0  0  0  0/0    17:01   0:53   1:37 
Brock McGinn             0  0  0   0  0   2  1  0  0  0  0/1    10:12   0:00   0:25 
Carl Hagelin             0  0  0  -1  2   1  1  0  1  3  0/1    14:47   0:00   2:27 
Carson Soucy             0  0  0   0  0   0  2  0  0  0  0/0    16:28   1:06   0:00 
Derek Forbort            0  0  0   0  0   0  0  2  0  3  0/0    18:09   0:00   3:01 
Luke Kunin               0  0  0  -1  0   0  2  1  0  0  6/22   16:33   0:53   1:23 
Mark Stone               1  0  1   1  0   5  1  1  1  0  1/2    17:00   1:06   0:00 
Matt Benning             0  0  0   0  2   2  0  1  0  0  0/0    17:08   0:53   0:00 
Mikael Backlund          0  1  1   1  0   0  4  0  0  0  10/18  17:00   1:06   0:00 
Niklas Hjalmarsson       0  0  0  -1  0   4  1  0  0  0  0/0    25:08   0:53   2:41 
Ryan Ellis               0  0  0  -1  0   2  0  2  0  1  0/0    24:51   1:06   2:41 
Tyler Bertuzzi           0  0  0  -1  0   6  2  1  0  0  0/1    15:42   1:06   0:00 
Tyler Bozak              0  0  0  -1  0   2  2  1  2  0  4/13   15:43   0:00   3:22 
Yanni Gourde             0  0  0  -1  2   0  1  0  0  1  0/0    12:06   0:00   0:00 
Zach Parise              0  1  1   1  0   6  1  0  1  0  1/1    16:40   0:53   0:00 

3 Stars

1 - Juuse Saros (BOS)
2 - Sean Monahan (BOS)
3 - Seth Jones (BOS)

Power Play

Bruins - 1 on 3 Attempt(s) - 33,33%
Blackhawks - 0 on 1 Attempt(s) - 0,00%

Penalty Kill

Bruins - 1 on 1 Attempt(s) - 100,00% - Score 0 goal in Penalty Kill
Blackhawks - 2 on 3 Attempt(s) - 66,67% - Score 0 goal in Penalty Kill

Team Stat

Bruins - Hits : 23 - Faceoff Wins : 39 - Blocked Shots : 5 - Penalty Minutes : 2
Blackhawks - Hits : 19 - Faceoff Wins : 24 - Blocked Shots : 10 - Penalty Minutes : 6

Official

Referees : Kendrick Nicholson and Tom Chmielewski
Linesman : Ryan Gibbons and Derek Nansen

Game Notes

No Game Note

Finance

Level 1 -- Attendance: 5104 (85,07%) -- Ticket Income 510 400 $
Level 2 -- Attendance: 4731 (94,62%) -- Ticket Income 283 860 $
Level 3 -- Attendance: 1925 (96,25%) -- Ticket Income 67 375 $
Level 4 -- Attendance: 3554 (88,85%) -- Ticket Income 71 080 $
Luxury Box -- Attendance: 810 (81,00%) -- Ticket Income 162 000 $
Game was played at the United Center.
Total Attendance: 16124 (89,58%)
Total Ticket Income: 1 094 715 $
Other Income: 536 410 $
Total Income: 1 631 125 $

Bruins

5 vs 5 Forward 
   Center                   Left Wing                Right Wing               Time % Phy DF OF 
 1 Sean Monahan             Anthony Mantha           Anthony Beauvillier      35     0   3  2  
 2 Paul Stastny             Brady Tkachuk            Ryan Johansen            30     0   3  2  
 3 Casey Cizikas            Lawson Crouse            Ilya Mikheyev            20     0   2  3  
 4 Luke Glendening          Pat Maroon               Nolan Patrick            15     0   3  2  

5 vs 5 Defense 
   Defense                  Defense                                           Time % Phy DF OF 
 1 Seth Jones               Connor Murphy                                     38     1   2  2  
 2 Jakob Chychrun           Cam Fowler                                        31     1   2  2  
 3 Joel Edmundson           Ethan Bear                                        31     0   2  2  
 4 Seth Jones               Connor Murphy                                     0      1   2  2  

PowerPlay Forward 
   Center                   Left Wing                Right Wing               Time % Phy DF OF 
 1 Sean Monahan             Anthony Mantha           Ryan Johansen            55     0   0  5  
 2 Paul Stastny             Brady Tkachuk            Anthony Beauvillier      45     1   0  4  

PowerPlay Defense
   Defense                  Defense                                           Time % Phy DF OF 
 1 Cam Fowler               Jakob Chychrun                                    50     0   0  5  
 2 Seth Jones               Ethan Bear                                        50     0   2  3  

Penalty Kill 4 Players Forward 
   Center                   Wing                     Time % Phy DF OF 
 1 Luke Glendening          Ilya Mikheyev            60     0   4  1  
 2 Casey Cizikas            Lawson Crouse            40     0   4  1  

Penalty Kill 4 Players Defense
   Defense                  Defense                  Time % Phy DF OF 
 1 Seth Jones               Connor Murphy            60     0   4  1  
 2 Ethan Bear               Joel Edmundson           40     0   4  1  

Penalty Kill - 3 Players Forward 
   Forward                                           Time % Phy DF OF 
 1 Luke Glendening                                   50     0   5  0  
 2 Casey Cizikas                                     50     0   5  0  

Penalty Kill - 3 Players Defense
   Defense                  Defense                  Time % Phy DF OF 
 1 Seth Jones               Connor Murphy            50     0   5  0  
 2 Ethan Bear               Joel Edmundson           50     0   5  0  

4 vs 4 Forward 
   Center                   Wing                     Time % Phy DF OF 
 1 Sean Monahan             Anthony Mantha           60     1   2  2  
 2 Ryan Johansen            Ilya Mikheyev            40     1   2  2  

4 vs 4 Defense
   Defense                  Defense                  Time % Phy DF OF 
 1 Seth Jones               Connor Murphy            60     1   2  2  
 2 Jakob Chychrun           Cam Fowler               40     1   2  2  

Last Minutes Offensive
   Center                   Left Wing                Right Wing               Defense                  Defense                  
   Sean Monahan             Anthony Mantha           Ryan Johansen            Seth Jones               Cam Fowler               

Last Minutes Defensive
   Center                   Left Wing                Right Wing               Defense                  Defense                  
   Sean Monahan             Anthony Mantha           Ryan Johansen            Seth Jones               Connor Murphy            

Goaltenders
Starting : Juuse Saros              
Backup : Jordan Binnington        

Extra Forwards
Normal : Nolan Patrick, Lawson Crouse, Casey Cizikas - PP : Nolan Patrick, Ilya Mikheyev - PK : Paul Stastny
Extra Defensemen
Normal : Joel Edmundson, Ethan Bear, Jakob Chychrun - PP : Joel Edmundson - PK : Jakob Chychrun, Cam Fowler
Penalty Shots
Sean Monahan, Anthony Mantha, Brady Tkachuk, Ryan Johansen, Anthony Beauvillier
Custom OT Lines Forwards
Sean Monahan, Anthony Mantha, Brady Tkachuk, Ryan Johansen, Anthony Beauvillier, Paul Stastny, Lawson Crouse, Casey Cizikas, Luke Glendening, Ilya Mikheyev
Custom OT Lines Defensemen
Seth Jones, Connor Murphy, Jakob Chychrun, Cam Fowler, Joel Edmundson

Scratches
Maxime Comtois (Healthy), Jarred Tinordi (Healthy), Cam Talbot (Healthy)

Blackhawks

5 vs 5 Forward 
   Center                   Left Wing                Right Wing               Time % Phy DF OF 
 1 Mikael Backlund          Zach Parise              Mark Stone               32     1   1  3  
 2 Luke Kunin               Tyler Bertuzzi           Brett Connolly           28     1   2  2  
 3 Tyler Bozak              Yanni Gourde             Carl Hagelin             22     1   3  1  
 4 Andrew Shaw              Alex Steen               Brock McGinn             18     2   2  1  

5 vs 5 Defense 
   Defense                  Defense                                           Time % Phy DF OF 
 1 Ryan Ellis               Niklas Hjalmarsson                                40     1   2  2  
 2 Derek Forbort            Carson Soucy                                      30     1   3  1  
 3 Braydon Coburn           Matt Benning                                      30     3   2  0  
 4 Ryan Ellis               Niklas Hjalmarsson                                0      1   2  2  

PowerPlay Forward 
   Center                   Left Wing                Right Wing               Time % Phy DF OF 
 1 Mikael Backlund          Tyler Bertuzzi           Mark Stone               60     0   1  4  
 2 Luke Kunin               Zach Parise              Brett Connolly           40     0   1  4  

PowerPlay Defense
   Defense                  Defense                                           Time % Phy DF OF 
 1 Ryan Ellis               Carson Soucy                                      60     0   2  3  
 2 Matt Benning             Niklas Hjalmarsson                                40     0   2  3  

Penalty Kill 4 Players Forward 
   Center                   Wing                     Time % Phy DF OF 
 1 Tyler Bozak              Carl Hagelin             60     1   3  1  
 2 Alex Steen               Brock McGinn             40     1   3  1  

Penalty Kill 4 Players Defense
   Defense                  Defense                  Time % Phy DF OF 
 1 Ryan Ellis               Niklas Hjalmarsson       60     1   3  1  
 2 Derek Forbort            Braydon Coburn           40     1   3  1  

Penalty Kill - 3 Players Forward 
   Forward                                           Time % Phy DF OF 
 1 Carl Hagelin                                      60     1   3  1  
 2 Luke Kunin                                        40     1   3  1  

Penalty Kill - 3 Players Defense
   Defense                  Defense                  Time % Phy DF OF 
 1 Ryan Ellis               Niklas Hjalmarsson       60     1   3  1  
 2 Derek Forbort            Carson Soucy             40     1   3  1  

4 vs 4 Forward 
   Center                   Wing                     Time % Phy DF OF 
 1 Mikael Backlund          Mark Stone               60     1   2  2  
 2 Luke Kunin               Zach Parise              40     1   2  2  

4 vs 4 Defense
   Defense                  Defense                  Time % Phy DF OF 
 1 Ryan Ellis               Niklas Hjalmarsson       60     1   2  2  
 2 Derek Forbort            Braydon Coburn           40     1   2  2  

Last Minutes Offensive
   Center                   Left Wing                Right Wing               Defense                  Defense                  
   Mikael Backlund          Zach Parise              Mark Stone               Ryan Ellis               Niklas Hjalmarsson       

Last Minutes Defensive
   Center                   Left Wing                Right Wing               Defense                  Defense                  
   Tyler Bozak              Alex Steen               Yanni Gourde             Ryan Ellis               Niklas Hjalmarsson       

Goaltenders
Starting : Frederik Andersen        
Backup : David Rittich            

Extra Forwards
Normal : Mark Stone, Tyler Bertuzzi, Mikael Backlund - PP : Mark Stone, Tyler Bertuzzi - PK : Alex Steen
Extra Defensemen
Normal : Ryan Ellis, Niklas Hjalmarsson, Derek Forbort - PP : Ryan Ellis - PK : Ryan Ellis, Niklas Hjalmarsson
Penalty Shots
Braydon Coburn, Alex Steen, Zach Parise, Tyler Bozak, Brock McGinn
Custom OT Lines Forwards
Mark Stone, Zach Parise, Tyler Bertuzzi, Mikael Backlund, Alex Steen, Luke Kunin, Tyler Bozak, Yanni Gourde, Brett Connolly, Andrew Shaw
Custom OT Lines Defensemen
Ryan Ellis, Niklas Hjalmarsson, Derek Forbort, Braydon Coburn, Carson Soucy

Scratches
Markus Nutivaara (Healthy), Michael Chaput (Healthy)

% Time on Ice - Bruins

Lines # - Real PCT - Wanted PCT - Time Play
Normal Forward
1 - 32% - 35% - 16:55
2 - 27% - 30% - 14:22
3 - 23% - 20% - 11:51
4 - 18% - 15% - 9:11
Normal Defense
1 - 38% - 38% - 19:41
2 - 31% - 31% - 16:00
3 - 31% - 31% - 16:02
4 - 1% - 0% - 0:36
PP Forward
1 - 46% - 55% - 2:36
2 - 54% - 45% - 3:06
PP Defense
1 - 49% - 50% - 2:47
2 - 51% - 50% - 2:55
PK Forward
1 - 77% - 60% - 1:32
2 - 23% - 40% - 0:27
PK Defense
1 - 77% - 60% - 1:32
2 - 23% - 40% - 0:27
PK3 Forward
1 - 0% - 50%
2 - 0% - 50%
PK3 Defense
1 - 0% - 50%
2 - 0% - 50%
44 Forward
1 - 0% - 60%
2 - 0% - 40%
44 Defense
1 - 0% - 60%
2 - 0% - 40%
Last Minute Offensive  - 0:00
Last Minute Defensive  - 0:00
Total
Forward - 60:00
Defense - 60:00

% Time on Ice - Blackhawks

Lines # - Real PCT - Wanted PCT - Time Play
Normal Forward
1 - 31% - 32% - 16:17
2 - 27% - 28% - 14:08
3 - 23% - 22% - 12:07
4 - 19% - 18% - 9:47
Normal Defense
1 - 40% - 40% - 21:04
2 - 30% - 30% - 15:38
3 - 30% - 30% - 15:37
4 - 0% - 0% - 0:00
PP Forward
1 - 55% - 60% - 1:06
2 - 45% - 40% - 0:53
PP Defense
1 - 55% - 60% - 1:06
2 - 45% - 40% - 0:53
PK Forward
1 - 95% - 60% - 5:24
2 - 5% - 40% - 0:18
PK Defense
1 - 47% - 60% - 2:41
2 - 53% - 40% - 3:01
PK3 Forward
1 - 0% - 60%
2 - 0% - 40%
PK3 Defense
1 - 0% - 60%
2 - 0% - 40%
44 Forward
1 - 0% - 60%
2 - 0% - 40%
44 Defense
1 - 0% - 60%
2 - 0% - 40%
Last Minute Offensive  - 0:00
Last Minute Defensive  - 0:00
Total
Forward - 60:00
Defense - 60:00

Play-by-Play

1st period


0:01 of 1st period - Mikael Backlund wins face-off versus Sean Monahan in neutral zone.
0:27 of 1st period - Anthony Mantha is hit by Carl Hagelin and loses puck.
0:56 of 1st period - Connor Murphy is hit by Carson Soucy and loses puck.
1:05 of 1st period - Snap shot by Sean Monahan.
1:05 of 1st period - Stopped by Frederik Andersen without a rebound.
1:06 of 1st period - Paul Stastny wins face-off versus Luke Kunin in Blackhawks zone.
1:17 of 1st period - Wrist shot by Luke Kunin.
1:17 of 1st period - Shot Misses the Net.
1:19 of 1st period - Slapshot by Matt Benning.
1:19 of 1st period - Stopped by Juuse Saros with a rebound.
1:21 of 1st period - Slapshot by Braydon Coburn.
1:21 of 1st period - Stopped by Juuse Saros with a rebound.
2:11 of 1st period - Zach Parise is hit by Brady Tkachuk.
2:14 of 1st period - Off-side.
2:15 of 1st period - Paul Stastny wins face-off versus Luke Kunin in neutral zone.
2:47 of 1st period - Snap shot by Lawson Crouse.
2:47 of 1st period - Stopped by Frederik Andersen without a rebound.
2:48 of 1st period - Luke Glendening wins face-off versus Mikael Backlund in Blackhawks zone.
3:14 of 1st period - Joel Edmundson is hit by Carson Soucy.
4:04 of 1st period - Snap shot by Mark Stone.
4:04 of 1st period - Stopped by Juuse Saros with a rebound.
4:06 of 1st period - Wrist shot by Zach Parise.
4:06 of 1st period - Stopped by Juuse Saros with a rebound.
4:13 of 1st period - Icing by Connor Murphy.
4:14 of 1st period - Casey Cizikas wins face-off versus Andrew Shaw in Bruins zone.
4:21 of 1st period - Wrist shot by Ryan Johansen.
4:21 of 1st period - Stopped by Frederik Andersen without a rebound.
4:22 of 1st period - Paul Stastny wins face-off versus Luke Kunin in Blackhawks zone.
4:27 of 1st period - Snap shot by Paul Stastny.
4:27 of 1st period - Deflect By Brady Tkachuk.
4:27 of 1st period - Shot Hit the Post.
4:27 of 1st period - Puck is out of play.
4:28 of 1st period - Sean Monahan wins face-off versus Tyler Bertuzzi in Blackhawks zone.
4:29 of 1st period - Snap shot by Anthony Mantha.
4:29 of 1st period - Stopped by Frederik Andersen without a rebound.
4:30 of 1st period - Luke Kunin wins face-off versus Sean Monahan in Blackhawks zone.
4:35 of 1st period - Ethan Bear is hit by Tyler Bertuzzi and loses puck.
5:18 of 1st period - Ryan Ellis is hit by Luke Glendening.
5:34 of 1st period - Snap shot by Brett Connolly.
5:34 of 1st period - Stopped by Juuse Saros without a rebound.
5:35 of 1st period - Mikael Backlund wins face-off versus Casey Cizikas in Bruins zone.
6:22 of 1st period - Snap shot by Yanni Gourde.
6:22 of 1st period - Deflect By Jakob Chychrun.
6:22 of 1st period - Shot Blocked by Jakob Chychrun.
6:22 of 1st period - Puck is out of play.
6:23 of 1st period - Paul Stastny wins face-off versus Tyler Bozak in Bruins zone.
6:41 of 1st period - Snap shot by Paul Stastny.
6:41 of 1st period - Stopped by Frederik Andersen with a rebound.
6:49 of 1st period - Carl Hagelin is hit by Brady Tkachuk and loses puck.
7:07 of 1st period - Slapshot by Carl Hagelin.
7:07 of 1st period - Shot Misses the Net.
7:15 of 1st period - Slapshot by Yanni Gourde.
7:15 of 1st period - Deflect By Tyler Bozak.
7:15 of 1st period - Stopped by Juuse Saros without a rebound.
7:16 of 1st period - Mikael Backlund wins face-off versus Sean Monahan in Bruins zone.
7:21 of 1st period - Wrist shot by Zach Parise.
7:21 of 1st period - Shot Misses the Net.
7:23 of 1st period - Wrist shot by Mark Stone.
7:23 of 1st period - Goal by Mark Stone - Bruins : 0 - Blackhawks : 1.
7:24 of 1st period - Mikael Backlund wins face-off versus Sean Monahan in neutral zone.
7:33 of 1st period - Slapshot by Mark Stone.
7:33 of 1st period - Shot Misses the Net.
7:39 of 1st period - Zach Parise is hit by Sean Monahan and loses puck.
8:51 of 1st period - Mikael Backlund is hit by Anthony Mantha.
8:57 of 1st period - Backhand shot by Zach Parise.
8:57 of 1st period - Stopped by Juuse Saros without a rebound.
8:58 of 1st period - Anthony Beauvillier wins face-off versus Mikael Backlund in Bruins zone.
9:09 of 1st period - Snap shot by Sean Monahan.
9:09 of 1st period - Deflect By Anthony Mantha.
9:09 of 1st period - Shot Misses the Net.
9:09 of 1st period - Puck is out of play.
9:10 of 1st period - Mikael Backlund wins face-off versus Sean Monahan in Blackhawks zone.
9:15 of 1st period - Snap shot by Zach Parise.
9:15 of 1st period - Shot Misses the Net.
9:29 of 1st period - Derek Forbort is hit by Sean Monahan and loses puck.
10:05 of 1st period - Wrist shot by Brock McGinn.
10:05 of 1st period - Shot Misses the Net.
10:57 of 1st period - Snap shot by Brady Tkachuk.
10:57 of 1st period - Shot Misses the Net.
10:59 of 1st period - Slapshot by Joel Edmundson.
10:59 of 1st period - Shot Misses the Net.
12:11 of 1st period - Snap shot by Casey Cizikas.
12:11 of 1st period - Stopped by Frederik Andersen without a rebound.
12:12 of 1st period - Luke Kunin wins face-off versus Sean Monahan in Blackhawks zone.
12:29 of 1st period - Wrist shot by Anthony Mantha.
12:29 of 1st period - Deflect By Ryan Ellis.
12:29 of 1st period - Stopped by Frederik Andersen with a rebound.
13:25 of 1st period - Snap shot by Pat Maroon.
13:25 of 1st period - Shot Blocked by Derek Forbort.
13:49 of 1st period - Snap shot by Tyler Bertuzzi.
13:49 of 1st period - Stopped by Juuse Saros without a rebound.
13:50 of 1st period - Sean Monahan wins face-off versus Mark Stone in Bruins zone.
13:55 of 1st period - Snap shot by Sean Monahan.
13:55 of 1st period - Shot Misses the Net.
14:45 of 1st period - Brock McGinn is hit by Brady Tkachuk and loses puck.
15:03 of 1st period - Niklas Hjalmarsson is hit by Luke Glendening and loses puck.
15:10 of 1st period - Braydon Coburn is hit by Luke Glendening.
16:03 of 1st period - Snap shot by Mark Stone.
16:03 of 1st period - Shot Misses the Net.
16:05 of 1st period - Snap shot by Mark Stone.
16:05 of 1st period - Stopped by Juuse Saros without a rebound.
16:06 of 1st period - Luke Kunin wins face-off versus Casey Cizikas in Bruins zone.
16:11 of 1st period - Snap shot by Luke Kunin.
16:11 of 1st period - Shot Misses the Net.
16:59 of 1st period - Tyler Bozak is hit by Paul Stastny and loses puck.
17:16 of 1st period - Ethan Bear is hit by Tyler Bertuzzi and loses puck.
17:21 of 1st period - Snap shot by Tyler Bertuzzi.
17:21 of 1st period - Shot Blocked by Ethan Bear.
17:23 of 1st period - Slapshot by Niklas Hjalmarsson.
17:23 of 1st period - Stopped by Juuse Saros with a rebound.
18:03 of 1st period - Seth Jones is hit by Brock McGinn and loses puck.
18:16 of 1st period - Snap shot by Brady Tkachuk.
18:16 of 1st period - Deflect By Yanni Gourde.
18:16 of 1st period - Stopped by Frederik Andersen without a rebound.
18:17 of 1st period - Tyler Bozak wins face-off versus Paul Stastny in Blackhawks zone.
18:49 of 1st period - Wrist shot by Mark Stone.
18:49 of 1st period - Stopped by Juuse Saros without a rebound.
18:50 of 1st period - Anthony Beauvillier wins face-off versus Mikael Backlund in Bruins zone.
19:03 of 1st period - Slapshot by Mikael Backlund.
19:03 of 1st period - Deflect By Mark Stone.
19:03 of 1st period - Shot Misses the Net.
19:03 of 1st period - Puck is out of play.
19:04 of 1st period - Luke Kunin wins face-off versus Sean Monahan in Bruins zone.
Goals for this period are 0 for Bruins vs 1 for Blackhawks.
Shots for this period are 8 for Bruins vs 12 for Blackhawks.

2nd period


0:01 of 2nd period - Sean Monahan wins face-off versus Luke Kunin in neutral zone.
0:04 of 2nd period - Luke Kunin is hit by Anthony Mantha and loses puck.
0:34 of 2nd period - Wrist shot by Brady Tkachuk.
0:34 of 2nd period - Stopped by Frederik Andersen without a rebound.
0:35 of 2nd period - Paul Stastny wins face-off versus Luke Kunin in Blackhawks zone.
0:46 of 2nd period - Slapshot by Paul Stastny.
0:46 of 2nd period - Shot Blocked by Tyler Bertuzzi.
1:41 of 2nd period - Snap shot by Casey Cizikas.
1:41 of 2nd period - Shot Misses the Net.
1:43 of 2nd period - Slapshot by Ilya Mikheyev.
1:43 of 2nd period - Stopped by Frederik Andersen with a rebound.
1:45 of 2nd period - Snap shot by Seth Jones.
1:45 of 2nd period - Stopped by Frederik Andersen without a rebound.
1:46 of 2nd period - Casey Cizikas wins face-off versus Luke Kunin in Blackhawks zone.
2:00 of 2nd period - Wrist shot by Tyler Bertuzzi.
2:00 of 2nd period - Stopped by Juuse Saros with a rebound.
2:02 of 2nd period - Slapshot by Braydon Coburn.
2:02 of 2nd period - Stopped by Juuse Saros without a rebound.
2:03 of 2nd period - Sean Monahan wins face-off versus Mikael Backlund in Bruins zone.
2:05 of 2nd period - Minor Penalty to Anthony Mantha for Interference.
2:06 of 2nd period - Luke Glendening wins face-off versus Mikael Backlund in Bruins zone.
2:42 of 2nd period - Slapshot by Brett Connolly.
2:42 of 2nd period - Stopped by Juuse Saros without a rebound.
2:43 of 2nd period - Mark Stone wins face-off versus Luke Glendening in Bruins zone.
3:09 of 2nd period - Icing by Zach Parise.
3:10 of 2nd period - Luke Glendening wins face-off versus Luke Kunin in Blackhawks zone.
3:31 of 2nd period - Slapshot by Tyler Bertuzzi.
3:31 of 2nd period - Stopped by Juuse Saros without a rebound.
3:32 of 2nd period - Casey Cizikas wins face-off versus Luke Kunin in Bruins zone.
3:59 of 2nd period - Connor Murphy is hit by Mark Stone and loses puck.
4:05 of 2nd period - Penalty to Anthony Mantha is over, Anthony Mantha is back on ice.
4:20 of 2nd period - Backhand shot by Paul Stastny.
4:20 of 2nd period - Stopped by Frederik Andersen with a rebound.
4:28 of 2nd period - Paul Stastny is hit by Yanni Gourde and loses puck.
5:07 of 2nd period - Snap shot by Tyler Bertuzzi.
5:07 of 2nd period - Stopped by Juuse Saros without a rebound.
5:08 of 2nd period - Paul Stastny wins face-off versus Luke Kunin in Bruins zone.
6:22 of 2nd period - Wrist shot by Alex Steen.
6:22 of 2nd period - Shot Blocked by Seth Jones.
6:24 of 2nd period - Wrist shot by Brock McGinn.
6:24 of 2nd period - Stopped by Juuse Saros with a rebound.
6:26 of 2nd period - Slapshot by Matt Benning.
6:26 of 2nd period - Stopped by Juuse Saros with a rebound.
6:28 of 2nd period - Wrist shot by Alex Steen.
6:28 of 2nd period - Shot Misses the Net.
6:46 of 2nd period - Snap shot by Ilya Mikheyev.
6:46 of 2nd period - Stopped by Frederik Andersen without a rebound.
6:47 of 2nd period - Mikael Backlund wins face-off versus Sean Monahan in Blackhawks zone.
8:06 of 2nd period - Wrist shot by Lawson Crouse.
8:06 of 2nd period - Stopped by Frederik Andersen without a rebound.
8:07 of 2nd period - Luke Kunin wins face-off versus Sean Monahan in Blackhawks zone.
8:07 of 2nd period - Luke Kunin is hit by Anthony Mantha.
8:37 of 2nd period - Off-side.
8:38 of 2nd period - Andrew Shaw wins face-off versus Paul Stastny in neutral zone.
8:48 of 2nd period - Snap shot by Ryan Johansen.
8:48 of 2nd period - Stopped by Frederik Andersen with a rebound.
8:50 of 2nd period - Wrist shot by Paul Stastny.
8:50 of 2nd period - Stopped by Frederik Andersen without a rebound.
8:51 of 2nd period - Sean Monahan wins face-off versus Luke Kunin in Blackhawks zone.
9:04 of 2nd period - Snap shot by Brett Connolly.
9:04 of 2nd period - Shot Blocked by Jakob Chychrun.
9:17 of 2nd period - Minor Penalty to Matt Benning for Slashing.
9:18 of 2nd period - Sean Monahan wins face-off versus Tyler Bozak in Blackhawks zone.
11:17 of 2nd period - Penalty to Matt Benning is over, Matt Benning is back on ice.
11:17 of 2nd period - Slapshot by Cam Fowler.
11:17 of 2nd period - Shot Blocked by Luke Kunin.
11:23 of 2nd period - Wrist shot by Brett Connolly.
11:23 of 2nd period - Shot Hit the Post.
11:25 of 2nd period - Slapshot by Braydon Coburn.
11:25 of 2nd period - Deflect By Luke Kunin.
11:25 of 2nd period - Shot Misses the Net.
11:25 of 2nd period - Puck is out of play.
11:26 of 2nd period - Casey Cizikas wins face-off versus Mikael Backlund in Bruins zone.
11:31 of 2nd period - Slapshot by Lawson Crouse.
11:31 of 2nd period - Shot Misses the Net.
11:33 of 2nd period - Snap shot by Casey Cizikas.
11:33 of 2nd period - Shot Blocked by Mark Stone.
11:58 of 2nd period - Wrist shot by Nolan Patrick.
11:58 of 2nd period - Deflect By Pat Maroon.
11:58 of 2nd period - Shot Misses the Net.
11:58 of 2nd period - Puck is out of play.
11:59 of 2nd period - Luke Glendening wins face-off versus Tyler Bozak in Blackhawks zone.
12:00 of 2nd period - Snap shot by Nolan Patrick.
12:00 of 2nd period - Shot Blocked by Tyler Bozak.
12:06 of 2nd period - Yanni Gourde is hit by Jakob Chychrun and loses puck.
12:13 of 2nd period - Cam Fowler is hit by Tyler Bozak and loses puck.
12:34 of 2nd period - Snap shot by Tyler Bertuzzi.
12:34 of 2nd period - Stopped by Juuse Saros with a rebound.
12:52 of 2nd period - Ryan Johansen is hit by Mikael Backlund and loses puck.
12:56 of 2nd period - Icing by Paul Stastny.
12:57 of 2nd period - Luke Kunin wins face-off versus Paul Stastny in Bruins zone.
13:12 of 2nd period - Snap shot by Brady Tkachuk.
13:12 of 2nd period - Stopped by Frederik Andersen without a rebound.
13:13 of 2nd period - Mikael Backlund wins face-off versus Anthony Mantha in Blackhawks zone.
13:18 of 2nd period - Snap shot by Mark Stone.
13:18 of 2nd period - Shot Misses the Net.
13:20 of 2nd period - Snap shot by Zach Parise.
13:20 of 2nd period - Stopped by Juuse Saros with a rebound.
13:22 of 2nd period - Wrist shot by Ryan Ellis.
13:22 of 2nd period - Shot Blocked by Sean Monahan.
13:24 of 2nd period - Snap shot by Zach Parise.
13:24 of 2nd period - Shot Misses the Net.
13:44 of 2nd period - Anthony Beauvillier is hit by Tyler Bozak and loses puck.
14:07 of 2nd period - Slapshot by Seth Jones.
14:07 of 2nd period - Stopped by Frederik Andersen without a rebound.
14:08 of 2nd period - Paul Stastny wins face-off versus Luke Kunin in Blackhawks zone.
14:15 of 2nd period - Slapshot by Paul Stastny.
14:15 of 2nd period - Shot Misses the Net.
14:23 of 2nd period - Brady Tkachuk is hit by Luke Kunin and loses puck.
14:41 of 2nd period - Ryan Ellis is hit by Jakob Chychrun and loses puck.
14:55 of 2nd period - Slapshot by Ryan Johansen.
14:55 of 2nd period - Shot Misses the Net.
14:58 of 2nd period - Icing by Zach Parise.
14:59 of 2nd period - Mikael Backlund wins face-off versus Sean Monahan in Blackhawks zone.
15:06 of 2nd period - Sean Monahan is hit by Mikael Backlund and loses puck.
15:13 of 2nd period - Slapshot by Zach Parise.
15:13 of 2nd period - Shot Hit the Post.
15:15 of 2nd period - Slapshot by Niklas Hjalmarsson.
15:15 of 2nd period - Stopped by Juuse Saros without a rebound.
15:16 of 2nd period - Luke Glendening wins face-off versus Luke Kunin in Bruins zone.
15:41 of 2nd period - Derek Forbort is hit by Lawson Crouse.
15:49 of 2nd period - Joel Edmundson is hit by Luke Kunin and loses puck.
16:38 of 2nd period - Tyler Bozak is hit by Cam Fowler and loses puck.
17:17 of 2nd period - Wrist shot by Zach Parise.
17:17 of 2nd period - Stopped by Juuse Saros without a rebound.
17:18 of 2nd period - Sean Monahan wins face-off versus Luke Kunin in Bruins zone.
17:25 of 2nd period - Slapshot by Sean Monahan.
17:25 of 2nd period - Goal by Sean Monahan - Bruins : 1 - Blackhawks : 1.
17:26 of 2nd period - Mikael Backlund wins face-off versus Sean Monahan in neutral zone.
17:31 of 2nd period - Snap shot by Anthony Mantha.
17:31 of 2nd period - Shot Misses the Net.
17:33 of 2nd period - Slapshot by Sean Monahan.
17:33 of 2nd period - Shot Hit the Post.
17:37 of 2nd period - Snap shot by Anthony Beauvillier.
17:37 of 2nd period - Shot Misses the Net.
17:39 of 2nd period - Slapshot by Connor Murphy.
17:39 of 2nd period - Deflect By Anthony Mantha.
17:39 of 2nd period - Stopped by Frederik Andersen with a rebound.
17:41 of 2nd period - Slapshot by Connor Murphy.
17:41 of 2nd period - Shot Misses the Net.
17:43 of 2nd period - Snap shot by Sean Monahan.
17:43 of 2nd period - Shot Misses the Net.
18:32 of 2nd period - Niklas Hjalmarsson is hit by Ethan Bear and loses puck.
18:41 of 2nd period - Snap shot by Brock McGinn.
18:41 of 2nd period - Shot Misses the Net.
19:13 of 2nd period - Snap shot by Brady Tkachuk.
19:13 of 2nd period - Shot Blocked by Ryan Ellis.
19:15 of 2nd period - Snap shot by Ryan Johansen.
19:15 of 2nd period - Stopped by Frederik Andersen with a rebound.
Goals for this period are 1 for Bruins vs 0 for Blackhawks.
Shots for this period are 13 for Bruins vs 11 for Blackhawks.

3rd period


0:01 of 3rd period - Sean Monahan wins face-off versus Luke Kunin in neutral zone.
0:04 of 3rd period - Snap shot by Anthony Mantha.
0:04 of 3rd period - Stopped by Frederik Andersen with a rebound.
0:13 of 3rd period - Wrist shot by Brett Connolly.
0:13 of 3rd period - Stopped by Juuse Saros without a rebound.
0:14 of 3rd period - Tyler Bozak wins face-off versus Sean Monahan in Bruins zone.
1:32 of 3rd period - Connor Murphy is hit by Mikael Backlund and loses puck.
2:37 of 3rd period - Snap shot by Tyler Bertuzzi.
2:37 of 3rd period - Stopped by Juuse Saros with a rebound.
3:00 of 3rd period - Wrist shot by Anthony Mantha.
3:00 of 3rd period - Shot Misses the Net.
3:02 of 3rd period - Slapshot by Anthony Mantha.
3:02 of 3rd period - Stopped by Frederik Andersen without a rebound.
3:03 of 3rd period - Tyler Bozak wins face-off versus Paul Stastny in Blackhawks zone.
4:00 of 3rd period - Snap shot by Ilya Mikheyev.
4:00 of 3rd period - Shot Blocked by Matt Benning.
4:55 of 3rd period - Carson Soucy is hit by Anthony Mantha and loses puck.
5:18 of 3rd period - Slapshot by Ryan Ellis.
5:18 of 3rd period - Stopped by Juuse Saros with a rebound.
6:07 of 3rd period - Wrist shot by Seth Jones.
6:07 of 3rd period - Stopped by Frederik Andersen with a rebound.
6:09 of 3rd period - Wrist shot by Nolan Patrick.
6:09 of 3rd period - Stopped by Frederik Andersen with a rebound.
6:15 of 3rd period - Minor Penalty to Carl Hagelin for Interference.
6:16 of 3rd period - Tyler Bozak wins face-off versus Sean Monahan in Blackhawks zone.
6:29 of 3rd period - Wrist shot by Alex Steen.
6:29 of 3rd period - Shot Misses the Net.
7:24 of 3rd period - Snap shot by Luke Kunin.
7:24 of 3rd period - Shot Misses the Net.
8:15 of 3rd period - Penalty to Carl Hagelin is over, Carl Hagelin is back on ice.
8:19 of 3rd period - Carl Hagelin is hit by Cam Fowler and loses puck.
8:34 of 3rd period - Lawson Crouse is hit by Mikael Backlund and loses puck.
9:06 of 3rd period - Wrist shot by Tyler Bertuzzi.
9:06 of 3rd period - Shot Misses the Net.
9:50 of 3rd period - Ilya Mikheyev is hit by Andrew Shaw.
10:15 of 3rd period - Snap shot by Ryan Johansen.
10:15 of 3rd period - Shot Misses the Net.
11:09 of 3rd period - Icing by Brett Connolly.
11:10 of 3rd period - Sean Monahan wins face-off versus Luke Kunin in Blackhawks zone.
11:21 of 3rd period - Wrist shot by Anthony Mantha.
11:21 of 3rd period - Stopped by Frederik Andersen with a rebound.
11:31 of 3rd period - Wrist shot by Tyler Bertuzzi.
11:31 of 3rd period - Shot Misses the Net.
11:39 of 3rd period - Snap shot by Tyler Bertuzzi.
11:39 of 3rd period - Deflect By Brett Connolly.
11:39 of 3rd period - Shot Misses the Net.
11:39 of 3rd period - Puck is out of play.
11:40 of 3rd period - Zach Parise wins face-off versus Paul Stastny in Bruins zone.
11:51 of 3rd period - Snap shot by Zach Parise.
11:51 of 3rd period - Stopped by Juuse Saros with a rebound.
12:16 of 3rd period - Snap shot by Tyler Bozak.
12:16 of 3rd period - Deflect By Connor Murphy.
12:16 of 3rd period - Stopped by Juuse Saros with a rebound.
12:18 of 3rd period - Snap shot by Carl Hagelin.
12:18 of 3rd period - Shot Misses the Net.
12:48 of 3rd period - Seth Jones is hit by Niklas Hjalmarsson and loses puck.
12:57 of 3rd period - Snap shot by Mark Stone.
12:57 of 3rd period - Stopped by Juuse Saros with a rebound.
13:25 of 3rd period - Matt Benning is hit by Casey Cizikas.
13:46 of 3rd period - Snap shot by Alex Steen.
13:46 of 3rd period - Stopped by Juuse Saros with a rebound.
13:50 of 3rd period - Wrist shot by Brock McGinn.
13:50 of 3rd period - Stopped by Juuse Saros without a rebound.
13:51 of 3rd period - Mikael Backlund wins face-off versus Sean Monahan in Bruins zone.
14:00 of 3rd period - Slapshot by Zach Parise.
14:00 of 3rd period - Stopped by Juuse Saros with a rebound.
14:06 of 3rd period - Slapshot by Sean Monahan.
14:06 of 3rd period - Shot Hit the Post.
14:08 of 3rd period - Wrist shot by Anthony Beauvillier.
14:08 of 3rd period - Shot Blocked by Ryan Ellis.
14:41 of 3rd period - Wrist shot by Seth Jones.
14:41 of 3rd period - Deflect By Ilya Mikheyev.
14:41 of 3rd period - Goal by Ilya Mikheyev - Bruins : 2 - Blackhawks : 1.
14:42 of 3rd period - Sean Monahan wins face-off versus Mikael Backlund in neutral zone.
15:23 of 3rd period - Minor Penalty to Yanni Gourde for Hooking.
15:24 of 3rd period - Sean Monahan wins face-off versus Tyler Bozak in Blackhawks zone.
15:25 of 3rd period - Snap shot by Anthony Mantha.
15:25 of 3rd period - Stopped by Frederik Andersen without a rebound.
15:26 of 3rd period - Sean Monahan wins face-off versus Tyler Bozak in Blackhawks zone.
16:01 of 3rd period - Slapshot by Seth Jones.
16:01 of 3rd period - Stopped by Frederik Andersen without a rebound.
16:02 of 3rd period - Paul Stastny wins face-off versus Alex Steen in Blackhawks zone.
16:27 of 3rd period - Tyler Bozak is hit by Anthony Beauvillier and loses puck.
16:38 of 3rd period - Snap shot by Paul Stastny.
16:38 of 3rd period - Shot Blocked by Braydon Coburn.
16:40 of 3rd period - Slapshot by Seth Jones.
16:40 of 3rd period - Shot Misses the Net.
17:05 of 3rd period - Wrist shot by Paul Stastny.
17:05 of 3rd period - Shot Hit the Post.
17:07 of 3rd period - Snap shot by Cam Fowler.
17:07 of 3rd period - Goal by Cam Fowler - Bruins : 3 - Blackhawks : 1.
17:08 of 3rd period - Andrew Shaw wins face-off versus Casey Cizikas in neutral zone.
17:13 of 3rd period - Snap shot by Ryan Ellis.
17:13 of 3rd period - Shot Misses the Net.
17:15 of 3rd period - Slapshot by Niklas Hjalmarsson.
17:15 of 3rd period - Stopped by Juuse Saros without a rebound.
17:16 of 3rd period - Casey Cizikas wins face-off versus Brock McGinn in Bruins zone.
17:25 of 3rd period - Wrist shot by Brock McGinn.
17:25 of 3rd period - Shot Misses the Net.
17:27 of 3rd period - Slapshot by Brock McGinn.
17:27 of 3rd period - Shot Misses the Net.
17:29 of 3rd period - Slapshot by Niklas Hjalmarsson.
17:29 of 3rd period - Stopped by Juuse Saros without a rebound.
17:30 of 3rd period - Luke Glendening wins face-off versus Mikael Backlund in Bruins zone.
17:37 of 3rd period - Nolan Patrick is hit by Zach Parise and loses puck.
17:44 of 3rd period - Niklas Hjalmarsson is hit by Nolan Patrick.
17:48 of 3rd period - Niklas Hjalmarsson is hit by Pat Maroon and loses puck.
18:01 of 3rd period - Snap shot by Sean Monahan.
18:01 of 3rd period - Stopped by Frederik Andersen without a rebound.
18:02 of 3rd period - Sean Monahan wins face-off versus Tyler Bozak in Blackhawks zone.
18:11 of 3rd period - Wrist shot by Anthony Mantha.
18:11 of 3rd period - Stopped by Frederik Andersen with a rebound.
18:13 of 3rd period - Slapshot by Ethan Bear.
18:13 of 3rd period - Deflect By Yanni Gourde.
18:13 of 3rd period - Stopped by Frederik Andersen with a rebound.
18:15 of 3rd period - Wrist shot by Anthony Mantha.
18:15 of 3rd period - Shot Misses the Net.
18:55 of 3rd period - Wrist shot by Casey Cizikas.
18:55 of 3rd period - Shot Misses the Net.
18:57 of 3rd period - Slapshot by Joel Edmundson.
18:57 of 3rd period - Stopped by Frederik Andersen with a rebound.
18:59 of 3rd period - Slapshot by Ethan Bear.
18:59 of 3rd period - Stopped by Frederik Andersen without a rebound.
19:00 of 3rd period - Luke Glendening wins face-off versus Tyler Bozak in Blackhawks zone.
19:11 of 3rd period - Slapshot by Ryan Ellis.
19:11 of 3rd period - Stopped by Juuse Saros without a rebound.
19:12 of 3rd period - Luke Glendening wins face-off versus Carl Hagelin in Bruins zone.
19:14 of 3rd period - Icing by Jakob Chychrun.
19:15 of 3rd period - Luke Glendening wins face-off versus Tyler Bozak in Bruins zone.
19:18 of 3rd period - Slapshot by Carl Hagelin.
19:18 of 3rd period - Stopped by Juuse Saros without a rebound.
19:19 of 3rd period - Luke Glendening wins face-off versus Tyler Bozak in Bruins zone.
19:30 of 3rd period - Slapshot by Jakob Chychrun.
19:30 of 3rd period - Shot Misses the Net.
19:32 of 3rd period - Slapshot by Cam Fowler.
19:32 of 3rd period - Shot Misses the Net.
19:34 of 3rd period - Slapshot by Cam Fowler.
19:34 of 3rd period - Shot Blocked by Derek Forbort.
19:54 of 3rd period - Wrist shot by Andrew Shaw.
19:54 of 3rd period - Stopped by Juuse Saros without a rebound.
19:55 of 3rd period - Luke Glendening wins face-off versus Luke Kunin in Bruins zone.
Goals for this period are 2 for Bruins vs 0 for Blackhawks.
Shots for this period are 14 for Bruins vs 14 for Blackhawks. Output by the SimonT Hockey Simulator (STHS) for Alexandre Lamarre - Original Page W3C HTML5 Valid
Hockey Simulator - Hockey Simulation - Hockey Manager